 Dungeon Crawl Stone Soup version 0.28-b1-25-g9875b3fc8c (webtiles) character file.

Game seed: 4055812703420187202

361 dorian the Chopper (level 6, 0/37 HPs)
             Began as a Gargoyle Fighter on Feb 7, 2022.
             Slain by an ogre (7 damage)
             ... on level 4 of the Dungeon.
             The game lasted 00:04:34 (4077 turns).

dorian the Chopper (Gargoyle Fighter)               Turns: 4077, Time: 00:04:34

Health: 0/37       AC: 13    Str: 22    XL:     6   Next: 66%
Magic:  6/6        EV:  7    Int:  8    God:
Gold:   102        SH:  4    Dex:  9    Spells: 5/5 levels left

rFire   . . .      SeeInvis .   a - +0 war axe (freeze)
rCold   . . .      Faith    .   c - +0 buckler
rNeg    + . .      Spirit   .   h - +0 chain mail
rPois   ∞          Reflect  .   (no helmet)
rElec   +          Harm     .   (no cloak)
rCorr   .          Rampage  .   (no gloves)
Will    .....                   (no boots)
Stlth   ..........              (no amulet)
HPRegen 0.12/turn               (no ring)
MPRegen 0.10/turn               (no ring)

@: no status effects
A: sickness immunity, AC +4, negative energy resistance 1, electricity
resistance, torment resistance 1, petrification resistance
a: no special abilities


You were on level 4 of the Dungeon.
You visited 1 branch of the dungeon, and saw 4 of its levels.

You collected 102 gold pieces.

Inventory:

Hand Weapons
 a - a +0 war axe of freezing (weapon)
 d - a +2 short sword of flaming
Missiles
 j - 2 boomerangs (quivered)
Armour
 b - a +0 scale mail
 c - a +0 buckler (worn)
 h - a +0 chain mail (worn)
Scrolls
 e - 2 scrolls of teleportation
 f - 2 scrolls of identify
 i - a scroll of blinking
Potions
 g - a potion of flight
 k - a potion of ambrosia
 l - a potion of lignification
 m - a potion of brilliance {unknown}


   Skills:
 - Level 3.2 Fighting
 + Level 6.3 Axes
 - Level 3.2 Armour
 - Level 3.2 Shields


You had 5 spell levels left.
You didn't know any spells.
Your spell library contained the following spells:

 Spells                   Type           Power      Damage    Failure   Level
 Apportation              Tloc           0%         N/A       99%         1
 Alistair's Intoxication  Tmut/Pois      0%         N/A       100%        5


Dungeon Overview and Level Annotations

Branches:
Dungeon (4/15)
 Temple: D:4-7

Altars:
Nemelex Xobeh
Qazlal


Innate Abilities, Weirdness & Mutations

You are immune to sickness and miasma.
Your stone body is resilient. (AC +4)
You are immune to poison.
You resist negative energy. (rN+)
You are resistant to electric shocks. (rElec)
You are resistant to unholy torment.
You are immune to petrification.


Message History

The howler monkey is heavily wounded.
The howler monkey barely misses you.
You barely miss the howler monkey.
The howler monkey is heavily wounded.
The howler monkey hits you.
The howler monkey hoots and howls with incredible vigour!
You slash the howler monkey! You freeze the howler monkey.
You kill the howler monkey!
No target in view!
No target in view!
You see here a +0 dagger.
There is a stone staircase leading down here.
You start resting.
HP restored.
You climb downwards.
There is a stone staircase leading up here.
You barely miss the ogre. You barely miss the adder skeleton.
The adder skeleton barely misses you. The ogre hits you with a +0 giant club!
The adder skeleton bites you but does no damage.
You slash the ogre! You freeze the ogre.
The ogre is moderately wounded.
You hit the adder skeleton. The ogre hits you but does no damage.
You block the adder skeleton's attack.
A kobold comes into view. It is wielding a +0 club.
The kobold shouts!
You hit the ogre. You freeze the ogre.
The ogre is heavily wounded.
You slash the adder skeleton!
You destroy the adder skeleton!
A hound comes into view.
The ogre hits you with a +0 giant club!
You slash the ogre! You freeze the ogre.
The ogre is severely wounded.
The hound stops to sniff the ground.
The ogre hits you with a +0 giant club.
* * * LOW HITPOINT WARNING * * *
You hit the ogre. You freeze the ogre.
The ogre is severely wounded.
The ogre hits you with a +0 giant club!
You die...

##############
##.....##.....##
##..............##
#.......÷........#
#...<............#
#................#
#................#
#......@....<....#
#......O.........#
##..............##
.#.....h<......##
........K<....##
...............#
...[...........#
.##..........##
##........#######


You could see an ogre, a hound and a kobold.

Vanquished Creatures
  A howler monkey (D:3)
  An orc priest (D:3)
  A hound (D:3)
  Natasha (thrice) (D:2)
  3 orc wizards (D:3)
  2 adders
  An adder skeleton (D:4)
  2 worms (D:3)
  3 dart slugs (D:2)
  10 orcs
  9 ball pythons
  10 endoplasms
  5 giant cockroaches
  4 goblins
  3 hobgoblins (D:1)
  2 jackals (D:4)
  3 quokkas (D:1)
  3 bats
  2 frilled lizards
  4 kobolds
  3 rats
75 creatures vanquished.

Notes
Turn   | Place    | Note
-------+----------+-------------------------------------------
     0 | D:1      | dorian the Gargoyle Fighter began the quest for the Orb.
     0 | D:1      | Reached XP level 1. HP: 14/14 MP: 1/1
    36 | D:1      | Reached skill level 2 in Axes
    79 | D:1      | Reached XP level 2. HP: 16/19 MP: 2/2
   124 | D:1      | Found a faded altar of an unknown god.
   503 | D:1      | Reached skill level 3 in Axes
   507 | D:1      | You fall into a shaft and drop 1 floor!
   606 | D:1      | Reached XP level 3. HP: 23/23 MP: 3/3
  1005 | D:2      | Noticed Natasha
  1018 | D:2      | Killed Natasha
  1019 | D:2      | Reached XP level 4. HP: 7/28 MP: 4/4
  1263 | D:2      | Reached skill level 4 in Axes
  1439 | D:2      | Noticed Natasha
  1446 | D:2      | Killed Natasha
  1580 | D:2      | Noticed Natasha
  1593 | D:2      | Killed Natasha
  1594 | D:2      | Reached XP level 5. HP: 16/32 MP: 5/5
  2530 | D:3      | Found a sparkling altar of Nemelex Xobeh.
  2591 | D:3      | Reached skill level 5 in Axes
  2988 | D:3      | Reached XP level 6. HP: 11/37 MP: 6/6
  3345 | D:3      | Found a stormy altar of Qazlal.
  3391 | D:3      | Reached skill level 6 in Axes
  4077 | D:4      | Slain by an ogre

Illustrated notes

Levels and vault maps discovered:
D:1:      lemuel_arrival_river_ford, layout_basic, basic_ecumenical_altar,
          st_stairs_2
D:2:      layout_basic, hangedman_abyss_or_decor_stabs, patterned_corridor,
          uniq_natasha
D:3:      layout_loops_cross, nemelex_dance_club_becter,
          nicolae_overflow_crystal_walls
D:4:      layout_rooms

Skill      XL: |  1  2  3  4  5  6 |
---------------+-------------------+-----
Axes           | 2 3 4 5 6 |  6.3
Fighting       | |  3.2
Armour         | |  3.2
Shields        | |  3.2

Action                   |  1- 3 |  4- 6 || total
-------------------------+-------+-------++-------
Melee: War axe           |    58 |   175 ||   233
  Use: Potion            |     1 |     2 ||     3
       Scroll            |       |    10 ||    10
Armor: Scale mail        |    30 |    72 ||   102
       Chain mail        |       |    26 ||    26
Dodge: Dodged            |    24 |    61 ||    85
Block: Buckler           |     8 |    27 ||    35
